 Dungeon Crawl Stone Soup version 0.19.1 (webtiles) character file.

785918 Apert the Minotaur Barricade (level 27, -2/271 (273) HPs)
             Began as a Minotaur Berserker on Dec 6, 2016.
             Was the Champion of Trog.
             Killed from afar by an Ice Fiend (46 damage)
             ... with a bolt of cold
             ... on level 1 of the Dungeon on Dec 12, 2016.
             The game lasted 07:35:36 (81698 turns).

Apert the Minotaur Barricade (Minotaur Berserker)  Turns: 81698, Time: 07:35:37

HP:   -2/271 (273)  AC: 39    Str: 30    XL:     27
MP:   22/22         EV: 18    Int:  4    God:    Trog [******]
Gold: 4440          SH: 38    Dex: 17    Spells: 0 memorised, 26 levels left

rFire  + + .     SeeInvis .     H - +9 hand axe of Plog {drain, rPois Dex+4}
rCold  . . .     Gourm    .     j - +4 plate armour of Bitterness {rF+}
rNeg   + + .     Faith    .     V - +18 shield of the Gong {rElec rN+ MR+ EV-5}
rPois  +         Spirit   .     (helmet restricted)
rElec  +         Reflect  .     T - +2 cloak {+Inv}
rCorr  +         Harm     .     X - +3 pair of gauntlets of War {Slay+5}
MR     +++++     Clarity  +     S - +2 pair of boots {run}
Stlth  .......... Rnd*Tele +    I - amulet of the Four Winds {rN+ MR+++ Clar}
                                Y - ring of Judgh {rPois rF+}
                                d - ring "Doiryu Nuez" {rCorr rElec rPois Int+2 Dex-2}

@: exhausted, regenerating, slowed, very slow
A: retaliatory headbutt, horns 2, berserk 1, blurry vision 2, deterioration 1,
dopey 1, low mp 2, screaming 2, teleportitis 2, subdued magic 1
a: Berserk, Trog's Hand, Brothers in Arms, Burn Spellbooks, Renounce Religion,
Evoke Invisibility
0: Orb of Zot
}: 4/15 runes: decaying, slimy, silver, gossamer


You were on level 1 of the Dungeon.
You worshipped Trog.
Trog was exalted by your worship.
You were hungry.

You visited 13 branches of the dungeon, and saw 59 of its levels.
You visited the Abyss 3 times.
You also visited: Labyrinth, Bailey and Ice Cave.

You collected 8343 gold pieces.
You spent 3903 gold pieces at shops.

Inventory:

Hand Weapons
 H - the +9 hand axe of Plog (weapon) {drain, rPois Dex+4}
   (You found it on level 8 of the Dungeon)

   A truly terrible weapon, it drains the life of those it strikes.
   It affects your dexterity (+4).
   It protects you from poison.
 M - the +8 hand axe of Ruetzuh {venom, *Corrode rElec rC++ Stlth+}
   (Trog gifted it to you on level 2 of the Pits of Slime)

   It poisons the flesh of those it strikes.
   It greatly protects you from cold.
   It insulates you from electricity.
   It may corrode you when you take damage.
   It makes you more stealthy.
 W - the +3 broad axe of Awoivumeuff {elec, rElec rC+ Str+3}
   (Trog gifted it to you on level 2 of the Orcish Mines)

   Occasionally, upon striking a foe, it will discharge some electrical energy
   and cause terrible harm.
   It affects your strength (+3).
   It protects you from cold.
   It insulates you from electricity.
Armour
 h - the +0 pair of boots "Zeasut" {rF+ rC++ Regen+ Str-4}
   (You found it on level 5 of the Vaults)

   It affects your strength (-4).
   It protects you from fire.
   It greatly protects you from cold.
   It increases your rate of regeneration.
 j - the +4 plate armour of Bitterness (worn) {rF+}
   (You found it on level 5 of the Pits of Slime)

   It protects you from fire.
 N - a +6 plate armour of poison resistance
 S - a +2 pair of boots of running (worn)
 T - a +2 cloak of invisibility (worn)
 V - the +18 shield of the Gong (worn) {rElec rN+ MR+ EV-5}
   (You took it off Donald on level 1 of the Spider Nest)

   It affects your evasion (-5).
   It insulates you from electricity.
   It protects you from negative energy.
   It affects your resistance to hostile enchantments.
 X - the +3 pair of gauntlets of War (worn) {Slay+5}
   (You bought it in a shop on level 2 of the Orcish Mines)

   It affects your accuracy and damage with ranged weapons and melee attacks
   (+5).
Jewellery
 d - the ring "Doiryu Nuez" (left hand) {rCorr rElec rPois Int+2 Dex-2}
   (You took it off a yaktaur captain on level 5 of the Vaults)

   [ring of resist corrosion]

   It affects your intelligence (+2).
   It affects your dexterity (-2).
   It insulates you from electricity.
   It protects you from poison.
 k - the ring of Nuyjaih {rElec rF+ Str+2 Int-5 Slay+2}
   (You found it on level 5 of the Pits of Slime)

   [ring of slaying]

   It affects your strength (+2).
   It affects your intelligence (-5).
   It affects your accuracy and damage with ranged weapons and melee attacks
   (+2).
   It protects you from fire.
   It insulates you from electricity.
 q - an uncursed ring of flight
 E - a +4 ring of slaying
 I - the amulet of the Four Winds (around neck) {rN+ MR+++ Clar}
   (You found it in a labyrinth)

   [amulet of nothing]

   It protects you from negative energy.
   It affects your resistance to hostile enchantments.
   It protects you against confusion.
 J - the brooch of Shielding {Reflect SH+8}
   (You found it on level 4 of the Lair of Beasts)

   [amulet of reflection]

   It shields you and reflects attacks.
   It affects your SH (+8).
 L - the ring "Riyf Roi" {rC+ AC+2 Stlth+}
   (You found it on level 3 of the Crypt)

   [ring of protection]

   It affects your AC (+2).
   It protects you from cold.
   It makes you more stealthy.
 Q - a +5 ring of protection
 Y - the ring of Judgh (right hand) {rPois rF+}
   (You found it on level 6 of the Lair of Beasts)

   [ring of poison resistance]

   It protects you from fire.
   It protects you from poison.
Wands
 a - a wand of teleportation (1/9)
Scrolls
 i - 2 scrolls of magic mapping
 l - 6 scrolls of blinking
 p - 13 scrolls of fog
 r - 12 scrolls of immolation
 s - 4 scrolls of fear
 t - 34 scrolls of remove curse
 v - 17 scrolls of teleportation
 y - 6 scrolls of enchant weapon
 B - a scroll of vulnerability
 F - 8 scrolls of identify
 G - 3 scrolls of torment
 K - 3 scrolls of holy word
 R - 6 scrolls of summoning
Potions
 e - 11 potions of cancellation
 f - 7 potions of agility
 g - 13 potions of flight
 m - 12 potions of curing
 n - 10 potions of haste
 o - 8 potions of might
 w - 21 potions of heal wounds
 x - 3 potions of berserk rage
 z - 10 potions of ambrosia
 A - 10 potions of mutation
 C - 6 potions of magic
 D - 7 potions of lignification
 O - 3 potions of resistance
 Z - a potion of invisibility
Miscellaneous
 P - the horn of Geryon
Comestibles
 c - 26 bread rations
 U - 31 beef jerkies


   Skills:
 O Level 27 Fighting
 O Level 27 Axes
 + Level 4.0 Throwing
 O Level 27 Armour
 + Level 22.4 Dodging
 + Level 10.1 Stealth
 O Level 27 Shields
 + Level 7.8 Evocations


You had 26 spell levels left.
You didn't know any spells.

Dungeon Overview and Level Annotations

Branches:
Dungeon (15/15)            Temple (0/1) D:4            Lair (6/6) D:10
  Swamp (4/4) Lair:2       Spider (4/4) Lair:3        Slime (5/5) Lair:5
    Orc (2/2) D:11            Elf (3/3) Orc:2        Vaults (5/5) D:14
  Crypt (3/3) Vaults:3       Tomb (1/3) Crypt:3      Depths (5/5) D:15
   Hell (1/1)                 Dis (0/7) Hell            Geh (0/7) Hell
    Coc (0/7) Hell            Tar (0/7) Hell            Zot (5/5) Depths:5

Altars:
Ashenzari
Cheibriados
Dithmenos
Elyvilon
Gozag
Hepliaklqana
Kikubaaqudgha
Makhleb
Qazlal
Ru
Trog
Uskayaw
Xom
Yredelemnul
Beogh
Jiyva

Shops:
D:4 :   D:5 :   D:7 [   Orc:1 !   Orc:2 *([[(   Elf:3 !   Vaults:1 %%}
Vaults:3 *   Depths:1 *   Depths:2 :

Portals:
Hell: Depths:1 Depths:2 Depths:3 Depths:4 Depths:5
Abyss: Depths:1 Depths:4
Pandemonium: Depths:3 Depths:5
Ziggurat: Depths:3


Innate Abilities, Weirdness & Mutations

You reflexively headbutt those who attack you in melee.
You have a pair of horns on your head.
You tend to lose your temper in combat.
Scrolls take you longer to read.
Your body sometimes deteriorates upon taking damage.
You are dopey. (Int -2)
Your magical capacity is very low. (-20% MP)
You sometimes yell uncontrollably at your foes.
You are sometimes teleported next to monsters.
Your spells are a little easier to cast, but a little less powerful.


Message History

A red film seems to cover your vision as you go berserk!
You feel yourself moving faster!
You feel mighty!
You are feeling hungry.
An Ice Fiend comes into view.
You are too injured to fight recklessly!
You feel a strong urge to attack something.
You feel your anger subside. You block the tormentor's attack.
SHROANNG!
The tormentor barely misses you.
You slice the tormentor!! You headbutt the tormentor!
You kill the tormentor!
Trog accepts your kill.
You feel a strong urge to attack something.
You are no longer berserk.
You are exhausted.
You feel yourself slow down. The Ice Fiend gestures at you.
The bolt of cold hits you!
You die...

##############.#
#......)#.#..
#######............
###########..................
#............#####.......####
#............##......###.....
#........)...##.###..# #.....
#.................#..###.....
#.................#..........
#...........@.....#..########
#.................##.#
#.................##.#
#####.................##>#
...........1..........####
#####.................# ###
#############.....# ..#
####### ..#


You could see an Ice Fiend.

Vanquished Creatures
  the Royal Jelly (Slime:5)
  Dissolution (Slime:2)
  6 orbs of fire
  Khufu (Crypt:1)
  9 ancient liches
  The ghost of Kiel97 the Slayer, a legendary FoFi of Okawaru (Zot:5)
  Boris (Depths:5)
  A greater mummy (Crypt:1)
  Bai Suzhen (Crypt:2)
  the Lernaean hydra (Swamp:4)
  3 curse toes
  Geryon (Hell)
  4 Killer Klowns (Zot:5)
  The ghost of TheSquall the Hoplite, an adept MiFi of Okawaru (Depths:5)
  9 golden dragons
  Nikola (Depths:2)
  A bone dragon (Depths:5)
  Arachne (Spider:4)
  3 electric golems
  Jorgrun (Crypt:1)
  12 tentacled monstrosities
  An Ice Fiend (Depths:2)
  26 Orb Guardians (Zot:5)
  5 deep elf blademasters
  3 titans (Vaults:5)
  7 quicksilver dragons
  7 liches
  An acid blob (shapeshifter) (Depths:5)
  An Executioner (Abyss:1)
  19 acid blobs
  8 ancient champions
  6 tentacled starspawn
  8 sphinxes
  7 death cobs
  3 thorn hunters
  Agnes (Elf:1)
  Roxanne (Spider:2)
  6 tengu reavers
  18 storm dragons
  5 shadow dragons
  Donald (Spider:1)
  5 draconian monks
  2 revenants
  11 azure jellies
  3 draconian knights
  9 frost giants
  10 draconian scorchers
  12 deep elf sorcerers
  7 ghost moths
  11 fire giants
  2 iron dragons
  4 orc warlords
  3 balrugs
  16 vault wardens
  Aizul (Vaults:2)
  A caustic shrike zombie (Hell)
  Louise (Swamp:1)
  2 curse skulls
  6 ghouls
  5 draconian shifters
  6 deep elf elementalists
  An angel (Abyss:4)
  5 emperor scorpions
  3 draconian zealots
  8 reapers
  2 war gargoyles
  17 ironheart preservers
  27 very ugly things
  2 ophanim (Abyss:4)
  A corrupter (Abyss:1)
  6 draconian annihilators
  4 draconian callers
  5 green draconians
  20 stone giants
  5 entropy weavers
  6 deep elf demonologists
  8 white draconians
  10 vampire knights
  A lorocyproca (Depths:3)
  19 purple draconians
  13 deep elf annihilators
  11 yellow draconians
  3 spark wasps
  The ghost of TheSquall the Fencer, a journeyman MiFi of Okawaru (D:14)
  12 black draconians
  8 deep elf death magi
  15 mottled draconians
  10 red draconians
  A blizzard demon (Depths:5)
  4 eidola
  A merfolk javelineer (Depths:4)
  21 ettins
  15 death oozes
  16 fire dragons
  A minotaur (Lab)
  15 great orbs of eyes
  19 yaktaur captains
  4 deep elf high priests (Elf:3)
  11 jiangshi
  A quicksilver dragon skeleton (Crypt:1)
  A hell beast (Depths:2)
  6 rakshasas
  29 hydras
  13 ice dragons
  28 vault guards
  8 centaur warriors
  A monstrous demonspawn (Depths:3)
  Harold (D:12)
  2 spriggan air magi
  2 ghost crabs
  An anaconda (shapeshifter) (Depths:2)
  A catoblepas (Hell)
  4 death yaks (Lair:6)
  6 death knights
  8 deep troll shamans
  A queen ant (Lair:3)
  9 alligators
  20 ogre magi
  33 dancing weapons
  4 thrashing horrors
  8 tengu warriors
  5 spriggan berserkers
  2 titan zombies
  5 vampire magi
  2 deep troll earth magi
  5 orc high priests
  17 sun demons
  7 soul eaters
  Nergalle (Lair:1)
  18 hell knights
  2 storm dragon zombies (Hell)
  A titan skeleton (Crypt:2)
  8 wretched stars
  37 deep elf knights
  A sixfirhy (D:14)
  2 iron trolls (Depths:2)
  2 golden dragon zombies (Hell)
  6 shadow wraiths
  16 skeletal warriors
  2 cherubim (Abyss:4)
  18 deep trolls
  6 glowing orange brains
  A death drake (shapeshifter) (D:13)
  13 swamp dragons
  A gelid demonspawn (Depths:5)
  6 unseen horrors
  6 wizards
  21 phantasmal warriors
  A shadow demon (Depths:2)
  A shadow dragon zombie (Hell)
  11 flayed ghosts
  2 shambling mangroves
  A sea snake (shapeshifter) (Vaults:3)
  7 starcursed masses
  A tengu zombie (Hell)
  A sphinx zombie (Depths:1)
  2 anaconda skeletons (Hell)
  27 deep elf archers
  14 orc knights
  An obsidian statue (Depths:2)
  Pikel (D:6)
  8 hill giants
  10 harpies
  113 deep elf magi
  8 ironbrand convokers
  50 ugly things
  15 orb spiders
  29 wolf spiders
  9 shining eyes
  2 frost giant zombies (Hell)
  9 orc sorcerers
  12 cyclopes
  6 necromancers
  An oklob plant (Abyss:1)
  4 manticores
  2 moths of wrath (shapeshifter)
  A stone giant zombie (Crypt:1)
  4 worldbinders
  4 fire giant zombies
  The ghost of Banto the Carver, a novice HESk of Okawaru (D:7)
  3 dire elephant zombies
  2 guardian serpents
  29 moths of wrath
  2 ice statues (IceCv)
  6 rust devils
  9 black mambas
  2 stone giant skeletons
  3 orange demons
  20 vault sentinels
  4 molten gargoyles
  A torpor snail (Spider:2)
  7 smoke demons
  23 spiny frogs
  An alligator snapping turtle zombie (Crypt:3)
  2 centaur zombies
  2 eyes of devastation
  6 centaur skeletons
  16 large abominations
  A gargoyle (D:14)
  A kobold demonologist (D:13)
  11 demonic crawlers
  11 komodo dragons
  2 rime drakes (D:14)
  A black draconian zombie (Crypt:2)
  A redback zombie (Crypt:2)
  8 freezing wraiths
  2 tormentors
  A rime drake (shapeshifter) (Depths:3)
  41 yaktaurs
  14 ice devils
  3 ancient zymes
  A hellwing (Depths:5)
  A green draconian skeleton (Crypt:2)
  5 tengu conjurers
  A white draconian skeleton (Crypt:1)
  A troll (shapeshifter) (Elf:2)
  8 red devils
  2 hydra zombies (Hell)
  A meliai (shapeshifter) (Depths:1)
  8 guardian mummies (Crypt:3)
  2 polar bears (shapeshifter)
  A wind drake (shapeshifter) (Depths:2)
  21 jumping spiders
  8 trolls
  3 wind drakes (Depths:4)
  3 meliai (Spider:3)
  9 polar bears
  8 tyrant leeches
  A hornet (shapeshifter) (Vaults:5)
  34 hornets
  39 two-headed ogres
  A blink frog (shapeshifter) (Depths:5)
  12 bog bodies
  A harpy skeleton (Abyss:4)
  5 blink frogs (Lair:3)
  2 alligator zombies (Hell)
  121 slime creatures
  A spriggan zombie (Depths:1)
  4 dream sheep (Lair:6)
  A minotaur skeleton (Lab)
  13 hippogriffs
  18 raiju
  3 ettin zombies
  A hippogriff (shapeshifter) (Vaults:5)
  2 flying skulls
  A tarantella (shapeshifter) (D:13)
  30 tarantellas
  6 wraiths
  59 redbacks
  9 spriggans
  6 air elementals
  14 wyverns
  5 basilisks
  4 shadows
  16 water elementals
  A spriggan skeleton (Depths:1)
  A vampire (D:14)
  7 ynoxinuls
  33 yaks
  A black mamba skeleton (Crypt:2)
  4 neqoxecs
  15 fire elementals
  10 hungry ghosts
  2 fire bats (shapeshifter)
  15 golden eyes
  2 chaos spawn
  A steam dragon (D:11)
  13 vampire mosquitoes
  2 mottled dragons
  An insubstantial wisp (Abyss:2)
  12 wargs
  21 soldier ants
  27 swamp worms
  8 hell hounds
  22 water moccasins
  A deep troll skeleton (Crypt:2)
  A faun skeleton (Crypt:2)
  8 porcupines
  8 eyes of draining
  6 necrophages
  55 orc warriors
  7 sky beasts
  A spiny frog skeleton (Hell)
  3 phantoms
  9 swamp drakes
  16 black bears
  A fire dragon simulacrum (Crypt:1)
  14 ice beasts
  71 ogres
  15 wolves
  7 boggarts
  13 centaurs
  11 crocodiles
  2 hog skeletons
  A gnoll sergeant (Orc:1)
  6 big kobolds
  18 bullfrogs
  A yaktaur skeleton (Crypt:3)
  6 earth elementals
  A rime drake skeleton (Crypt:3)
  A scorpion (D:12)
  A raiju zombie (Crypt:1)
  4 killer bees
  12 wights
  6 howler monkeys
  3 electric eels
  2 bullfrog zombies
  23 crimson imps
  4 quasits
  A demonspawn zombie (Crypt:2)
  25 orc priests
  A human simulacrum (Vaults:2)
  12 jellies
  18 hounds
  A human zombie (Crypt:3)
  8 iguanas
  5 iron imps
  37 orc wizards
  29 worker ants
  12 hell rats
  A worker ant (shapeshifter) (Depths:1)
  7 small abominations
  A naga zombie (Crypt:3)
  A big kobold skeleton (Crypt:3)
  A deep dwarf skeleton (Crypt:2)
  A hound zombie (D:7)
  2 mummies (Crypt:1)
  A hound skeleton (D:7)
  A worker ant zombie (D:5)
  A howler monkey skeleton (D:4)
  4 gnolls (Orc:1)
  20 adders
  A swamp drake zombie (Crypt:3)
  6 shadow imps
  4 white imps
  10 ufetubi
  A lava snake zombie (Crypt:1)
  4 oozes
  12 worms
  2 dart slugs
  8 leopard geckos
  126 orcs
  8 giant cockroaches
  12 goblins
  7 hobgoblins
  14 jackals
  2 quokkas
  2 ball pythons
  6 bats
  3 frilled lizards
  2 gnoll zombies (D:9)
  A goblin zombie (Crypt:3)
  A hobgoblin skeleton (Crypt:3)
  A hobgoblin zombie (Crypt:1)
  22 kobolds
  A kobold skeleton (Crypt:3)
  A kobold zombie (Crypt:1)
  A leopard gecko skeleton (D:4)
  A leopard gecko zombie (D:5)
  An orc zombie (Crypt:3)
  2 quokka skeletons
  2 quokka zombies
  7 rats
  A briar patch (Depths:4)
  2 crawling corpses
  3 fire vortices (Depths:4)
  4 fungi
  A plant (Lair:6)
  10 starspawn tentacles
3143 creatures vanquished.

Vanquished Creatures (others)
  A pandemonium lord (D:2)
  A deep elf master archer (Elf:3)
  A draconian zealot (Zot:4)
  A mottled draconian (Zot:1)
  An ettin (Depths:2)
  A mummy priest (Crypt:3)
  A soul eater (D:2)
  3 deep elf archers
  A two-headed ogre (Vaults:5)
  A hydra skeleton (Abyss:4)
  Prince Ribbit (D:6)
  2 water elementals (Depths:4)
  An air elemental (Depths:4)
  2 ogres
  A centaur (D:6)
  A small abomination (Abyss:4)
  A worker ant (D:6)
  A hound zombie (D:6)
  3 orcs
  A quokka (D:4)
  2 briar patches (Depths:4)
  10 fungi
  A lurking horror (Abyss:1)
  28 plants
  12 starspawn tentacles
79 creatures vanquished.

Grand Total: 3222 creatures vanquished

Notes
Turn   | Place    | Note
-------+----------+-------------------------------------------
     0 | D:1      | Apert the Minotaur Berserker began the quest for the Orb.
     0 | D:1      | Reached XP level 1. HP: 19/19 MP: 0/0
    55 | D:1      | Reached XP level 2. HP: 19/27 MP: 1/1
   629 | D:2      | Reached XP level 3. HP: 28/33 MP: 2/2
   678 | D:2      | Reached ** piety under Trog
  1573 | D:3      | Reached XP level 4. HP: 41/41 MP: 3/3
  1605 | D:3      | Reached skill level 5 in Fighting
  1683 | D:3      | Found a stormy altar of Qazlal.
  1688 | D:3      | Reached skill level 1 in Stealth
  1761 | D:3      | Reached skill level 5 in Axes
  2121 | D:3      | Reached XP level 5. HP: 34/48 MP: 4/4
  2378 | D:4      | Found an opulent altar of Gozag.
  2429 | D:4      | Reached *** piety under Trog
  2473 | D:4      | Reached XP level 6. HP: 42/56 MP: 5/5
  2598 | D:4      | Found a white marble altar of Elyvilon.
  2634 | D:4      | Found Nyosolar's Book Boutique.
  2856 | D:4      | Found a staircase to the Ecumenical Temple.
  2862 | D:4      | Found a burning altar of Makhleb.
  2862 | D:4      | Noticed an Executioner
  2865 | D:4      | Noticed a smoke demon
  2865 | D:4      | Noticed a smoke demon
  3016 | D:4      | Found a hazy altar of Hepliaklqana.
  3016 | D:4      | Found a faded altar of an unknown god.
  3021 | D:4      | Found a faded altar of an unknown god.
  3023 | D:4      | Found a faded altar of an unknown god.
  3025 | D:4      | Found a faded altar of an unknown god.
  3374 | D:5      | Entered Level 5 of the Dungeon
  3411 | D:5      | Found Ireoz's Book Emporium.
  3467 | D:5      | Reached XP level 7. HP: 34/59 MP: 6/6
  3515 | D:5      | Found a sacrificial altar of Ru.
  3998 | D:6      | Noticed Pikel
  4010 | D:6      | Killed Pikel
  4010 | D:6      | Reached skill level 5 in Armour
  4010 | D:6      | Reached XP level 8. HP: 62/68 MP: 7/7
  4162 | D:6      | Found a snail-covered altar of Cheibriados.
  4243 | D:6      | Found a bloodstained altar of Trog.
  4256 | D:6      | Found a hide-covered altar of Uskayaw.
  4309 | D:6      | Noticed Prince Ribbit
  4596 | D:6      | Killed Prince Ribbit
  4965 | D:7      | Noticed Banto's ghost (novice HESk)
  4986 | D:7      | Killed Banto's ghost
  4986 | D:7      | Reached **** piety under Trog
  4986 | D:7      | Reached skill level 10 in Axes
  5052 | D:7      | Reached XP level 9. HP: 32/77 MP: 8/8
  5547 | D:7      | Found Bolucepy's Antique Armour Shop.
  6126 | D:8      | Found a flagged portal.
  6137 | D:8      | Got an ichor-stained hand axe
  6199 | Bailey   | Entered a bailey
  6200 | Bailey   | Identified the +9 hand axe of Plog {drain, rPois Dex+4} (You found it on level 8 of the Dungeon)
  6226 | Bailey   | Noticed an orc warlord
  6477 | Bailey   | Noticed an orc knight
  6496 | Bailey   | Reached ***** piety under Trog
  6542 | Bailey   | Killed an orc knight
  6542 | Bailey   | Reached XP level 10. HP: 88/88 MP: 9/9
  6596 | Bailey   | Found a runed gate.
  6597 | Bailey   | Found a runed gate.
  6599 | Bailey   | Found a runed gate.
  6607 | Bailey   | Noticed an orc knight
  6619 | Bailey   | Killed an orc knight
  6812 | Bailey   | Killed an orc warlord
  6822 | Bailey   | Got a jewelled great sword {flame}
  6884 | Bailey   | Identified the +6 great sword "Conservator" {flame, *Corrode rC+ Dex+7} (You took it off an orc in a bailey)
  7071 | D:8      | Found a burning altar of Makhleb.
  7365 | D:8      | Found a shimmering altar of Xom.
  7560 | D:9      | Got a jewelled ring mail
  7594 | D:9      | Identified the +7 ring mail of Enax {rPois Str+4} (You found it on level 9 of the Dungeon)
  7617 | D:9      | Found a shattered altar of Ashenzari.
  7937 | D:9      | Reached skill level 10 in Fighting
  8048 | D:9      | Reached XP level 11. HP: 98/98 MP: 10/10
  8192 | D:9      | Found a basalt altar of Yredelemnul.
  8375 | D:10     | Entered Level 10 of the Dungeon
  8557 | D:10     | Noticed a hill giant
  8560 | D:10     | Killed a hill giant
  8576 | D:10     | Received a gift from Trog
  8780 | D:10     | Found a shadowy altar of Dithmenos.
  8881 | D:10     | Found a staircase to the Lair.
  9013 | D:11     | Found a staircase to the Orcish Mines.
  9032 | D:11     | Found a roughly hewn altar of Beogh.
  9101 | D:11     | Reached skill level 10 in Armour
  9165 | D:11     | Reached skill level 5 in Dodging
  9255 | D:11     | Noticed a cyan ugly thing
  9263 | D:11     | Killed a cyan ugly thing
  9417 | D:11     | Noticed a hill giant
  9426 | D:11     | Killed a hill giant
  9426 | D:11     | Reached skill level 15 in Axes
  9641 | D:12     | Noticed a purple ugly thing
  9648 | D:12     | Killed a purple ugly thing
  9648 | D:12     | Received a gift from Trog
  9790 | D:12     | Noticed a brown ugly thing
  9797 | D:12     | Killed a brown ugly thing
  9834 | D:12     | Noticed a hill giant
  9840 | D:12     | Killed a hill giant
  9950 | D:12     | Killed an unseen horror
  9950 | D:12     | Reached XP level 12. HP: 105/108 MP: 11/11
 10421 | Lair:1   | Entered Level 1 of the Lair of Beasts
 10656 | Lair:1   | Reached skill level 1 in Shields
 10708 | Lair:1   | Found a labyrinth entrance.
 10718 | Lab      | Entered a labyrinth
 11653 | Lab      | Noticed a minotaur
 11660 | Lab      | Killed a minotaur
 11936 | Lair:1   | Noticed a four-headed hydra
 11945 | Lair:1   | Killed an eight-headed hydra
 12062 | Lair:1   | Noticed Nergalle
 12077 | Lair:1   | Killed Nergalle
 12805 | Lair:2   | Noticed an eight-headed hydra
 12815 | Lair:2   | Killed a 12-headed hydra
 13014 | Lair:2   | Found a staircase to the Swamp.
 13094 | Lair:2   | Reached XP level 13. HP: 117/117 MP: 12/12
 13414 | Lair:3   | Received a gift from Trog
 13723 | Lair:3   | Found a hole to the Spider Nest.
 13997 | Lair:3   | Reached skill level 5 in Shields
 13998 | Lair:3   | Reached ****** piety under Trog
 15295 | Lair:5   | Found a staircase to the Slime Pits.
 15305 | Lair:5   | Received a gift from Trog
 16238 | Lair:6   | Entered Level 6 of the Lair of Beasts
 16648 | Lair:6   | Reached XP level 14. HP: 131/131 MP: 13/13
 16822 | Lair:6   | Received a gift from Trog
 17471 | Lair:6   | Reached skill level 15 in Fighting
 17535 | Lair:6   | Received a gift from Trog
 17872 | Lair:6   | Got a crude bronze ring
 18085 | Lair:6   | Identified the ring of Judgh {rPois rF+} (You found it on level 6 of the Lair of Beasts)
 18267 | Orc:1    | Entered Level 1 of the Orcish Mines
 18372 | Orc:1    | Found a roughly hewn altar of Beogh.
 18377 | Orc:1    | Reached skill level 5 in Stealth
 18537 | Orc:1    | Found a roughly hewn altar of Beogh.
 18619 | Orc:1    | Found Xacsu's Distillery.
 18805 | Orc:2    | Entered Level 2 of the Orcish Mines
 19104 | Orc:2    | Found a roughly hewn altar of Beogh.
 19105 | Orc:2    | Found Fimpoqu's Antique Armour Boutique.
 19115 | Orc:2    | Received a gift from Trog
 19124 | Orc:2    | Reached skill level 10 in Shields
 19159 | Orc:2    | Found a roughly hewn altar of Beogh.
 19202 | Orc:2    | Found a roughly hewn altar of Beogh.
 19232 | Orc:2    | Found a roughly hewn altar of Beogh.
 19379 | Orc:2    | Found a roughly hewn altar of Beogh.
 19380 | Orc:2    | Found Witarphyn's Weapon Shop.
 19509 | Orc:2    | Found Ziegiff's General Store.
 19516 | Orc:2    | Found a staircase to the Elven Halls.
 19523 | Orc:2    | Received a gift from Trog
 19549 | Orc:2    | Got a fine broad axe {god gift}
 19551 | Orc:2    | Bought a scroll of enchant armour for 75 gold pieces
 19658 | Orc:2    | Noticed an orc warlord
 19692 | Orc:2    | Reached XP level 15. HP: 132/141 MP: 14/14
 19704 | Orc:2    | Killed an orc warlord
 19808 | Orc:2    | Found Puufer's Antique Weapon Shop.
 19809 | Orc:2    | Found a roughly hewn altar of Beogh.
 19810 | Orc:2    | Found Loacki's Antique Armour Boutique.
 20005 | Orc:2    | Bought the +3 pair of gauntlets of War {Slay+5} for 1567 gold pieces
 20005 | Orc:2    | Bought a glowing shield for 346 gold pieces
 20032 | Orc:2    | Identified the +3 broad axe of Awoivumeuff {elec, rElec rC+ Str+3} (Trog gifted it to you on level 2 of the Orcish Mines)
 20350 | D:12     | Noticed Harold
 20363 | D:12     | Killed Harold
 20640 | D:13     | Received a gift from Trog
 21017 | D:13     | Found a viscous altar of Jiyva.
 21402 | D:14     | Reached skill level 15 in Armour
 21431 | D:14     | Found a frozen archway.
 21465 | IceCv    | Entered an ice cave
 21473 | IceCv    | Received a gift from Trog
 22332 | D:14     | Noticed TheSquall's ghost (journeyman MiFi)
 22353 | D:14     | Killed TheSquall's ghost
 22473 | D:14     | Found a gate to the Vaults.
 22831 | D:15     | Entered Level 15 of the Dungeon
 23130 | D:15     | Received a gift from Trog
 23188 | D:15     | Reached XP level 16. HP: 152/152 MP: 15/15
 23330 | D:15     | Found a staircase to the Depths.
 23365 | D:15     | Found a shattered altar of Ashenzari.
 23948 | Swamp:1  | Entered Level 1 of the Swamp
 23967 | Swamp:1  | Noticed Louise
 23993 | Swamp:1  | Killed Louise
 24214 | Swamp:1  | Received a gift from Trog
 24277 | Swamp:1  | Noticed a thorn hunter
 24290 | Swamp:1  | Killed a thorn hunter
 26089 | Swamp:3  | Received a gift from Trog
 26232 | Swamp:3  | Reached skill level 15 in Shields
 26455 | Swamp:4  | Entered Level 4 of the Swamp
 27330 | Swamp:4  | Reached XP level 17. HP: 161/161 MP: 16/16
 27384 | Swamp:4  | Noticed the 27-headed Lernaean hydra
 27446 | Swamp:4  | Killed the 27-headed Lernaean hydra
 27957 | Swamp:4  | Got a decaying rune of Zot
 28241 | Lair:1   | Received a gift from Trog
 28244 | Lair:1   | Got a transparent hand axe {god gift}
 28246 | Lair:1   | Identified the +6 hand axe of Kivid {chop, Dex+4} (Trog gifted it to you on level 1 of the Lair of Beasts)
 28370 | Elf:1    | Entered Level 1 of the Elven Halls
 28422 | Elf:1    | Noticed Agnes
 28441 | Elf:1    | Killed Agnes
 29551 | Elf:1    | Received a gift from Trog
 30654 | Elf:2    | Reached XP level 18. HP: 171/171 MP: 17/17
 30684 | Elf:2    | Found a runed gate.
 30684 | Elf:2    | Found a runed gate.
 30686 | Elf:2    | Found a runed gate.
 31107 | Elf:2    | Received a gift from Trog
 32171 | Elf:2    | Received a gift from Trog
 32633 | Elf:3    | Entered Level 3 of the Elven Halls
 33730 | Elf:3    | Found Fosyv's Distillery.
 33738 | Elf:3    | Bought a potion of resistance for 130 gold pieces
 33786 | Elf:3    | Received a gift from Trog
 34273 | Elf:3    | Cast into level 2 of the Abyss (a deep elf demonologist)
 34510 | Abyss:2  | Found a radiant altar of Vehumet.
 34592 | Abyss:2  | Lost intelligence.
 34637 | Abyss:2  | Reached XP level 19. HP: 182/182 MP: 12/12
 34698 | Abyss:2  | Received a gift from Trog
 34714 | Abyss:2  | Gained mutation: You are covered in fur. (AC +1) [a neqoxec]
 34749 | Elf:3    | Escaped the Abyss
 34760 | Elf:3    | Received a gift from Trog
 35597 | Elf:3    | Noticed a Brimstone Fiend
 36128 | Elf:3    | Received a gift from Trog
 36267 | Elf:3    | Identified a +2 pair of boots of running (You found it on level 3 of the Elven Halls)
 36620 | Spider:1 | Entered Level 1 of the Spider Nest
 36845 | Spider:1 | Noticed Donald
 36875 | Spider:1 | Killed Donald
 37647 | Spider:2 | Received a gift from Trog
 37784 | Spider:2 | Noticed Roxanne
 37816 | Spider:2 | Killed Roxanne
 38128 | Spider:2 | Reached XP level 20. HP: 181/194 MP: 19/19
 38925 | Spider:4 | Entered Level 4 of the Spider Nest
 39085 | Spider:4 | Received a gift from Trog
 39832 | Spider:4 | Noticed Arachne
 39845 | Spider:4 | Killed Arachne
 40488 | Spider:4 | Got a gossamer rune of Zot
 40825 | Vaults:1 | Entered Level 1 of the Vaults
 40870 | Vaults:1 | Found Sytuoval's Food Boutique.
 40878 | Vaults:1 | Found Emichub's Food Emporium.
 40947 | Vaults:1 | Received a gift from Trog
 41144 | Vaults:1 | Found Baptatej's Gadget Shop.
 41846 | Vaults:1 | Received a gift from Trog
 42163 | Vaults:2 | Received a gift from Trog
 42341 | Vaults:2 | Reached XP level 21. HP: 147/203 MP: 20/20
 42548 | Vaults:2 | Noticed Aizul
 42557 | Vaults:2 | Killed Aizul
 42898 | Vaults:2 | Received a gift from Trog
 43814 | Vaults:3 | Received a gift from Trog
 43948 | Vaults:3 | Found Maorghil's General Store.
 44556 | Vaults:3 | Found a staircase to the Crypt.
 44935 | Vaults:3 | Received a gift from Trog
 45892 | Vaults:4 | Reached XP level 22. HP: 207/214 MP: 21/21
 45961 | Vaults:4 | Received a gift from Trog
 46403 | Vaults:4 | Received a gift from Trog
 46870 | Crypt:1  | Entered Level 1 of the Crypt
 46945 | Crypt:1  | Noticed Jorgrun
 46975 | Crypt:1  | Killed Jorgrun
 47484 | Crypt:1  | Noticed Khufu
 47490 | Crypt:1  | Noticed a greater mummy
 47499 | Crypt:1  | Killed Khufu
 47514 | Crypt:1  | Killed a greater mummy
 47796 | Crypt:1  | Received a gift from Trog
 48183 | Crypt:2  | Noticed Bai Suzhen
 48199 | Crypt:2  | Killed Bai Suzhen
 49307 | Crypt:3  | Entered Level 3 of the Crypt
 49413 | Crypt:3  | Received a gift from Trog
 49453 | Crypt:3  | Reached XP level 23. HP: 210/220 MP: 22/22
 49833 | Crypt:3  | Gained mutation: You are robust. (+10% HP) [potion of beneficial mutation]
 50111 | Crypt:3  | Noticed a curse toe
 50161 | Crypt:3  | Killed a curse toe
 50423 | Crypt:3  | Noticed a curse toe
 50439 | Crypt:3  | Killed a curse toe
 51099 | Crypt:3  | Reached XP level 24. HP: 239/252 MP: 22/22
 51130 | Crypt:3  | Cast into level 4 of the Abyss (a Zot trap)
 51181 | Abyss:4  | Found a glowing golden altar of the Shining One.
 51346 | Abyss:4  | Received a gift from Trog
 51423 | Crypt:3  | Escaped the Abyss
 51428 | Crypt:3  | Found a staircase to the Tomb.
 51434 | Tomb:1   | Entered Level 1 of the Tomb of the Ancients
 51565 | Crypt:3  | Noticed an ancient lich
 51565 | Crypt:3  | Noticed an ancient lich
 51565 | Crypt:3  | Noticed an ancient lich
 51593 | Crypt:3  | Killed an ancient lich
 51597 | Crypt:3  | Killed an ancient lich
 51602 | Crypt:3  | Killed an ancient lich
 51881 | Crypt:3  | Got a bound bronze ring
 51931 | Crypt:3  | Identified the ring "Riyf Roi" {rC+ AC+2 Stlth+} (You found it on level 3 of the Crypt)
 52223 | Depths:1 | Entered Level 1 of the Depths
 52572 | Depths:1 | Found Halidifi's Changing Room.
 52580 | Depths:1 | Bought a potion of cure mutation for 525 gold pieces
 52584 | Depths:1 | Lost mutation: You are covered in fur. (AC +1) [potion of cure mutation]
 52584 | Depths:1 | Lost mutation: You are robust. (+10% HP) [potion of cure mutation]
 52616 | Depths:1 | Found a gateway to Hell.
 52627 | Depths:1 | Found a one-way gate to the infinite horrors of the Abyss.
 52906 | Depths:2 | Noticed Nikola
 52928 | Depths:2 | Killed Nikola
 53021 | Depths:2 | Received a gift from Trog
 53037 | Depths:2 | Got a steaming broad axe {god gift}
 53039 | Depths:2 | Identified the +4 broad axe of Evvul {chop, rF+} (Trog gifted it to you on level 2 of the Depths)
 53338 | Depths:2 | Found Xuhuovor's Book Emporium.
 53511 | Depths:2 | Reached XP level 25. HP: 112/239 MP: 22/22
 53863 | Depths:2 | Received a gift from Trog
 53916 | Depths:2 | Got a transparent hand axe {god gift}
 53917 | Depths:2 | Identified the +3 hand axe "Kaseypagh" {chaos, MR+} (Trog gifted it to you on level 2 of the Depths)
 54185 | Depths:2 | Reached skill level 27 in Shields
 54499 | Depths:3 | Found a gateway to a ziggurat.
 54956 | Depths:3 | Found a one-way gate leading to the halls of Pandemonium.
 54971 | Depths:3 | Received a gift from Trog
 56951 | Depths:5 | Entered Level 5 of the Depths
 56951 | Depths:5 | Noticed Boris
 56972 | Depths:5 | Killed Boris
 57064 | Depths:5 | Found a gate to the Realm of Zot.
 57079 | Depths:5 | Received a gift from Trog
 57581 | Depths:5 | Noticed TheSquall's ghost (adept MiFi)
 57635 | Depths:5 | Killed TheSquall's ghost
 58143 | Depths:5 | Reached XP level 26. HP: 250/252 MP: 22/22
 58874 | Vaults:5 | Entered Level 5 of the Vaults
 59026 | Vaults:5 | Received a gift from Trog
 59422 | Vaults:5 | Noticed an ancient lich
 59436 | Vaults:5 | Received a gift from Trog
 59447 | Vaults:5 | Killed an ancient lich
 60033 | Vaults:5 | Reached skill level 27 in Axes
 60320 | Vaults:5 | Got a glittering steel amulet
 60323 | Vaults:5 | Identified the amulet "Iroigit" {Harm *Drain Fragile rPois Stlth+} (You took it off a deep elf demonologist on level 5 of the Vaults)
 60573 | Vaults:5 | Got a pair of crude boots
 60584 | Vaults:5 | Identified the cursed +0 pair of boots "Zeasut" {rF+ rC++ Regen+ Str-4} (You found it on level 5 of the Vaults)
 60693 | Vaults:5 | Got a silver rune of Zot
 60890 | Vaults:5 | Received a gift from Trog
 61076 | Vaults:5 | Reached skill level 27 in Fighting
 61084 | Vaults:5 | Got a transparent granite ring
 61087 | Vaults:5 | Identified the ring "Doiryu Nuez" {rCorr rElec rPois Int+2 Dex-2} (You took it off a yaktaur captain on level 5 of the Vaults)
 61471 | Slime:1  | Entered Level 1 of the Pits of Slime
 61487 | Slime:1  | Gained mutation: You are dopey. (Int -2) [a shining eye]
 61488 | Slime:1  | Gained mutation: Scrolls take you a little longer to read. [a shining eye]
 61938 | Slime:2  | Noticed Dissolution
 61952 | Slime:2  | Killed Dissolution
 61952 | Slime:2  | Reached XP level 27. HP: 261/267 MP: 22/22
 62089 | Slime:2  | Gained mutation: Armour fits poorly on your strangely shaped body. [a shining eye]
 62221 | Slime:3  | Gained mutation: You tend to lose your temper in combat. [a shining eye]
 62222 | Slime:3  | Gained mutation: Your spells are a little easier to cast, but a little less powerful. [a shining eye]
 62224 | Slime:3  | Gained mutation: You often lose your temper in combat. [a shining eye]
 62241 | Slime:3  | Reached skill level 10 in Dodging
 62260 | Slime:2  | Received a gift from Trog
 62417 | Slime:2  | Got a bloodstained hand axe {god gift}
 62419 | Slime:2  | Identified the +8 hand axe of Ruetzuh {venom, *Corrode rElec rC++ Stlth+} (Trog gifted it to you on level 2 of the Pits of Slime)
 62531 | Slime:3  | Gained mutation: You passively map a small area around you. [a shining eye]
 62536 | Slime:3  | Gained mutation: Your magical capacity is low. (-10% MP) [a shining eye]
 62542 | Slime:3  | Lost mutation: Armour fits poorly on your strangely shaped body. [a shining eye]
 63207 | Slime:4  | Gained mutation: You are very dopey. (Int -4) [a shining eye]
 63245 | Slime:4  | Found a viscous altar of Jiyva.
 63423 | Slime:5  | Entered Level 5 of the Pits of Slime
 63479 | Slime:5  | Received a gift from Trog
 63512 | Slime:5  | Gained mutation: Scrolls take you longer to read. [a shining eye]
 63513 | Slime:5  | Noticed the Royal Jelly
 63647 | Slime:5  | Gained mutation: You are weak. (Str -2) [a shining eye]
 63837 | Slime:5  | Killed the Royal Jelly
 64424 | Slime:5  | Got an encrusted plate armour
 64435 | Slime:5  | Identified the +4 plate armour of Bitterness {rF+} (You found it on level 5 of the Pits of Slime)
 64478 | Slime:5  | Identified the +1 broad axe "Upenkuos" {chop, rF+} (You found it on level 5 of the Pits of Slime)
 64499 | Slime:5  | Got a slimy rune of Zot
 64503 | Slime:5  | Identified the ring of Nuyjaih {rElec rF+ Str+2 Int-5 Slay+2} (You found it on level 5 of the Pits of Slime)
 64507 | Slime:5  | Identified the +1 pair of boots of the Endless Expanse {MR- Str+2 Slay+4} (You found it on level 5 of the Pits of Slime)
 65094 | Hell     | Entered the Vestibule of Hell
 65094 | Hell     | Noticed Geryon
 65177 | Depths:1 | Bought a potion of beneficial mutation for 735 gold pieces
 65177 | Depths:1 | Gained mutation: You are agile. (Dex +2) [potion of beneficial mutation]
 65178 | Depths:1 | Bought a potion of cure mutation for 525 gold pieces
 65178 | Depths:1 | Lost mutation: You are very dopey. (Int -4) [potion of cure mutation]
 65178 | Depths:1 | Lost mutation: You are dopey. (Int -2) [potion of cure mutation]
 65178 | Depths:1 | Lost mutation: You are weak. (Str -2) [potion of cure mutation]
 65178 | Depths:1 | Lost mutation: You are agile. (Dex +2) [potion of cure mutation]
 65178 | Depths:1 | Lost mutation: Your magical capacity is low. (-10% MP) [potion of cure mutation]
 65579 | Depths:1 | Received a gift from Trog
 67266 | Hell     | Killed Geryon
 67295 | Hell     | Received a gift from Trog
 67834 | D:14     | Found an ancient bone altar of Kikubaaqudgha.
 68321 | Hell     | Found a gateway to the Iron City of Dis.
 68404 | Hell     | Found a gateway to the freezing wastes of Cocytus.
 68555 | Hell     | Found a gateway to the decaying netherworld of Tartarus.
 68616 | Hell     | Found a gateway to the ashen valley of Gehenna.
 68973 | Depths:4 | Voluntarily entered the Abyss.
 69010 | Abyss:1  | Received a gift from Trog
 69629 | Abyss:1  | Noticed an ancient lich
 69631 | Depths:4 | Escaped the Abyss
 70046 | Zot:1    | Entered Level 1 of the Realm of Zot
 70893 | Zot:1    | Noticed an orb of fire
 70908 | Zot:1    | Gained mutation: Your magical capacity is low. (-10% MP) [an orb of fire]
 70924 | Zot:1    | Gained mutation: Scrolls take you much longer to read. [an orb of fire]
 70930 | Zot:1    | Killed an orb of fire
 70938 | Zot:1    | Received a gift from Trog
 72419 | Zot:1    | Got a bloodstained trident
 72421 | Zot:1    | Identified the +9 trident "Vadaimn" {drain, *Corrode Int+8 Dex+2} (You found it on level 1 of the Realm of Zot)
 72508 | Zot:1    | Lost mutation: You often lose your temper in combat. [the power of Zot]
 73252 | Zot:2    | Reached skill level 1 in Throwing
 73282 | Zot:2    | Reached skill level 1 in Evocations
 73287 | Zot:2    | HP: 10/263 [green draconian/short sword (6)]
 73292 | Zot:2    | Reached skill level 27 in Armour
 73292 | Zot:2    | HP: 9/263 [poisoned by a green draconian]
 74200 | Zot:2    | Received a gift from Trog
 74579 | Zot:3    | Reached skill level 15 in Dodging
 75927 | Zot:4    | Received a gift from Trog
 76758 | Zot:5    | Entered Level 5 of the Realm of Zot
 76923 | Zot:5    | Reached skill level 5 in Evocations
 76947 | Zot:5    | Noticed Kiel97's ghost (legendary FoFi)
 76965 | Zot:5    | Noticed an orb of fire
 76968 | Zot:5    | Gained mutation: You are occasionally teleported next to monsters. [an orb of fire]
 76972 | Zot:5    | Gained mutation: You are frail. (-10% HP) [an orb of fire]
 76974 | Zot:5    | Lost mutation: You tend to lose your temper in combat. [an orb of fire]
 76977 | Zot:5    | Gained mutation: You occasionally shout uncontrollably at your foes. [an orb of fire]
 76982 | Zot:5    | Gained mutation: You are dopey. (Int -2) [an orb of fire]
 76992 | Zot:5    | Lost mutation: You passively map a small area around you. [an orb of fire]
 77015 | Zot:4    | Killed an orb of fire
 77300 | Zot:5    | Noticed an ancient lich
 77322 | Zot:4    | Killed an ancient lich
 77625 | Zot:5    | Noticed an ancient lich
 77651 | Zot:4    | Killed an ancient lich
 77651 | Zot:4    | Received a gift from Trog
 78023 | Zot:5    | Killed Kiel97's ghost
 78060 | Zot:5    | Noticed an ancient lich
 78078 | Zot:4    | Killed an ancient lich
 78424 | Zot:5    | Noticed an orb of fire
 78439 | Zot:5    | Gained mutation: You sometimes yell uncontrollably at your foes. [an orb of fire]
 78449 | Zot:5    | Killed an orb of fire
 78477 | Zot:5    | Noticed an orb of fire
 78500 | Zot:4    | Gained mutation: Your body sometimes deteriorates upon taking damage. [an orb of fire]
 78503 | Zot:4    | Killed an orb of fire
 79066 | Zot:5    | Noticed an ancient lich
 79108 | Zot:5    | Killed an ancient lich
 79403 | Zot:5    | Noticed an ancient lich
 79404 | Zot:5    | Noticed an orb of fire
 79414 | Zot:5    | Gained mutation: You tend to lose your temper in combat. [an orb of fire]
 79428 | Zot:5    | Noticed an orb of fire
 79556 | Zot:5    | Killed an ancient lich
 79566 | Zot:5    | Lost mutation: You are frail. (-10% HP) [an orb of fire]
 79580 | Zot:5    | Killed an orb of fire
 79929 | Zot:5    | Gained mutation: You are sometimes teleported next to monsters. [an orb of fire]
 79934 | Zot:5    | Gained mutation: Your magical capacity is very low. (-20% MP) [an orb of fire]
 79951 | Zot:5    | Lost mutation: Scrolls take you much longer to read. [an orb of fire]
 79960 | Zot:5    | Killed an orb of fire
 80647 | Zot:5    | Reached skill level 10 in Stealth
 80914 | Zot:5    | Got the Orb of Zot
 80978 | Zot:5    | Noticed an ancient lich
 81204 | Depths:2 | Received a gift from Trog
 81640 | D:2      | Noticed Woilluse the pandemonium lord
 81664 | D:2      | Killed Woilluse the pandemonium lord
 81698 | D:1      | Killed from afar by an Ice Fiend

Skill      XL: |  1  2  3  4  5  6  7  8  9 10 11 12 13 14 15 16 17 18 19 20 21 22 23 24 25 26 27 |
---------------+----------------------------------------------------------------------------------+-----
Axes           | 4 5 6 8 10 12 14 15 16 17 18 19 20 21 22 23 24 25 27 | 27.0
Fighting       | 4 5 6 7 8 10 11 12 14 15 16 17 18 19 20 21 22 23 25 27 | 27.0
Stealth        | 1 4 5 10 | 10.1
Armour         | 3 4 5 6 8 9 10 12 13 14 15 16 17 18 19 20 21 27 | 27.0
Dodging        | 3 4 5 6 7 8 9 22 | 22.4
Shields        | 3 6 10 12 15 17 18 21 22 24 25 26 27 | 27.0
Throwing       | 4 |  4.0
Evocations     | 7 |  7.8

Action                   |  1- 3 |  4- 6 |  7- 9 | 10-12 | 13-15 | 16-18 | 19-21 | 22-24 | 25-27 || total
-------------------------+-------+-------+-------+-------+-------+-------+-------+-------+-------++-------
Melee: Hand axe          |    85 |    51 |    23 |   620 |  1204 |  1279 |  1608 |  1261 |  4366 || 10497
       Headbutt          |     4 |    27 |    38 |   169 |   336 |   416 |   545 |   519 |  1621 ||  3675
       War axe           |       |   102 |   246 |       |       |       |       |       |       ||   348
       Broad axe         |       |       |       |       |       |       |       |    27 |       ||    27
       Trident           |       |       |       |       |       |       |       |       |    22 ||    22
Throw: Tomahawk          |       |       |       |       |       |       |       |       |     1 ||     1
Invok: Berserk           |       |     1 |     3 |     4 |    11 |    12 |     5 |     8 |    25 ||    69
       Burn Spellbooks   |       |       |       |     4 |     3 |     3 |     5 |     2 |     7 ||    24
       Trog's Hand       |       |       |       |     1 |       |     2 |       |     1 |     9 ||    13
       Brothers in Arms  |       |       |       |       |       |       |       |       |     1 ||     1
 Abil: Evoke Invisibilit |       |       |       |       |       |       |       |       |     2 ||     2
  Use: Scroll            |       |     9 |       |     2 |    13 |     9 |    10 |     7 |    21 ||    71
       Potion            |       |       |       |     1 |       |       |     1 |     3 |     4 ||     9
 Stab: Sleeping          |     1 |       |       |     2 |       |       |       |       |       ||     3
       Distracted        |       |       |       |     4 |     1 |     2 |       |       |       ||     7
       Confused          |       |       |       |       |       |       |       |       |     3 ||     3
       Invisible         |       |       |       |       |       |       |       |       |     2 ||     2
  Eat: Chunk             |     2 |     7 |    10 |    23 |    35 |    18 |    14 |     8 |    51 ||   168
       Meat ration       |       |       |     1 |       |     1 |     6 |     4 |     5 |     6 ||    23
       Beef jerky        |       |       |     1 |       |       |       |       |       |     2 ||     3
       Fruit             |       |       |       |     1 |       |       |       |       |    31 ||    32
       Royal jelly       |       |       |       |     3 |     2 |     1 |       |       |     1 ||     7
       Pizza             |       |       |       |     1 |     2 |     1 |     1 |       |     1 ||     6
       Bread ration      |       |       |       |       |       |       |       |       |     1 ||     1
Armor: Animal skin       |     9 |       |       |       |       |       |       |       |       ||     9
       Plate armour      |    13 |    42 |   129 |   102 |   322 |   425 |   320 |   183 |  1012 ||  2548
       Chain mail        |       |    28 |    29 |       |       |       |       |       |       ||    57
       Ring mail         |       |       |       |    81 |       |       |       |       |       ||    81
Dodge: Dodged            |    53 |    53 |   110 |   242 |   214 |   251 |   135 |    71 |   558 ||  1687
Block: Buckler           |       |       |       |    32 |    25 |       |       |       |       ||    57
       Shield            |       |       |       |       |   531 |   800 |  1491 |   973 |  4463 ||  8258
       Reflection        |       |       |       |       |    22 |    38 |    15 |       |       ||    75
